 Dungeon Crawl Stone Soup version 0.20.1-1-g8b1a95d (webtiles) character file.

28069 HammerPanzer the Bludgeoner (level 13, -1/109 HPs)
             Began as a Demonspawn Berserker on Oct 27, 2017.
             Was a High Priest of Trog.
             Succumbed to Nessos's poison
             ... on level 4 of the Lair of Beasts.
             The game lasted 01:10:15 (18379 turns).

HammerPanzer the Bludgeoner (Demonspawn Berserker) Turns: 18379, Time: 01:10:16

Health: -1/109     AC: 15    Str: 26    XL:     13   Next: 7%
Magic:  13/13      EV: 11    Int: 11    God:    Trog [*****.]
Gold:   313        SH:  0    Dex: 19    Spells: 12/12 levels left

rFire    + . .     SeeInvis .   L - +12 dire flail "Roty" {drain, rN+ Dex+3}
rCold    . . .     Gourm    .   (shield currently unavailable)
rNeg     + . .     Faith    +   H - +4 scale mail "Waireuzy" {rF+ MR- Str+3 Dex+2}
rPois    .         Spirit   .   y - +2 hat {MR+}
rElec    .         Reflect  .   (no cloak)
rCorr    .         Harm     .   (gloves unavailable)
MR       ++...                  (no boots)
Stlth    +.........             a - amulet of faith
Regen    1.3/turn               C - +2 ring of dexterity
MPRegen  0.2/turn               A - +2 ring of strength

@: lethally poisoned (-1 -> -21), berserk cooldown, regenerating, slowed, very
slow
A: claws 3, thin metallic scales 2, demonic guardian 1, nightstalker 1
a: Berserk, Trog's Hand, Brothers in Arms, Burn Spellbooks, Renounce Religion


You were on level 4 of the Lair of Beasts.
You worshipped Trog.
Trog was extremely pleased with you.
You were near starving.

You visited 2 branches of the dungeon, and saw 17 of its levels.

You collected 888 gold pieces.
You spent 575 gold pieces at shops.

Inventory:

Hand Weapons
 I - a +4 great mace of crushing
 L - the +12 dire flail "Roty" (weapon) {drain, rN+ Dex+3}
   (Trog gifted it to you on level 2 of the Lair of Beasts)

   A truly terrible weapon, it drains the life of those it strikes.
   It affects your dexterity (+3).
   It protects you from negative energy.
 O - a +2 antimagic flail
Missiles
 i - 5 poisoned tomahawks (quivered)
 r - 6 poisoned javelins
Armour
 t - a +1 chain mail of magic resistance
 y - a +2 hat of magic resistance (worn)
 H - the +4 scale mail "Waireuzy" (worn) {rF+ MR- Str+3 Dex+2}
   (You bought it in a shop on level 6 of the Dungeon)

   It affects your strength (+3).
   It affects your dexterity (+2).
   It protects you from fire.
   It affects your resistance to hostile enchantments.
 K - a +0 shield
Jewellery
 a - an amulet of faith (around neck)
 m - an uncursed amulet of the gourmand
 u - an uncursed ring of protection from magic
 A - a +2 ring of strength (right claw)
 C - a +2 ring of dexterity (left claw)
Wands
 g - a wand of acid (12/15)
 h - a wand of flame (30/48)
 B - a wand of clouds (6/9)
 E - a wand of lightning (4/15)
 M - a wand of paralysis (19/24)
 N - a wand of disintegration (8/24)
 P - a wand of polymorph (5/24)
 Q - a wand of flame (25/48)
 S - a wand of flame (13/48)
Scrolls
 j - 8 scrolls of remove curse
 l - 2 scrolls of enchant armour
 p - 2 scrolls of recharging
 q - 5 scrolls of teleportation
 D - a scroll of magic mapping
 F - a scroll of blinking
 R - a scroll of vulnerability {unknown}
Potions
 d - 4 potions of ambrosia
 e - 2 potions of cancellation
 f - 6 potions of curing
 n - 2 potions of heal wounds
 o - a potion of brilliance
 s - a potion of mutation
 v - a potion of berserk rage
 w - 3 potions of flight
 z - a potion of lignification
 T - a potion of haste {unknown}
Comestibles
 b - 26 fruits
 c - 16 bread rations
 k - 2 royal jellies
 J - 3 meat rations


   Skills:
 + Level 12.9 Fighting
 * Level 16.1 Maces & Flails
 - Level 1.7 Armour
 - Level 1.7 Dodging


You had 12 spell levels left.
You didn't know any spells.

Dungeon Overview and Level Annotations

Branches:
Dungeon (13/15)            Temple (0/1) D:5            Lair (4/6) D:10
  Snake (0/4) Lair:3          Orc (0/2) D:10
  Swamp: Lair:2-4    Shoals: Lair:2-4    Vaults: D:13-14

Altars:
Cheibriados
Dithmenos
Gozag
Kikubaaqudgha
Makhleb
Nemelex Xobeh
Qazlal
Uskayaw

Shops:
D:6 [   D:7 }

Annotations:
D:10 exclusions: ice statue and orange crystal statue
Lair:4 Nessos


Innate Abilities, Weirdness & Mutations

You have claws for hands.
You are mostly covered in thin metallic scales. (AC +3)
A weak demonic guardian rushes to your aid.
You are slightly more attuned to the shadows.


Message History

You are exhausted.
You feel yourself slow down.
* * * LOW HITPOINT WARNING * * *
You feel very sick.
Nessos blinks!
* * * LOW HITPOINT WARNING * * *
You feel extremely sick.
As you read the scroll of fear, it crumbles to dust.
You assume a fearsome visage.
Your quasit is unaffected.
Nessos looks frightened!
* * * LOW HITPOINT WARNING * * *
You feel extremely sick.
Nessos blinks! x3
Nessos gives up.
Nessos blinks!
* * * LOW HITPOINT WARNING * * *
You feel very sick.
Nessos blinks! x3
You die...

.##+P#.#...#... #..###
...$.. #.P# #..... ##..#
P+.. ## ..P# #..####.#
#..# ##...#...### ##.##
#...(.......
#<[.#####..(..c.....
#.###.P#..#.(@((((....$#
#.............5.(........
....#..#.##P....(........
### #..########.#..###..#
##.. #.#.## ## #.# ###.#
..P #.# ..


You could see Nessos (fleeing) and a friendly quasit.

Vanquished Creatures
  Rupert (Lair:4)
  Gastronok (D:9)
  2 hydras (Lair:1)
  A two-headed ogre (D:9)
  Erica (D:11)
  A tengu warrior (D:11)
  A queen ant (Lair:2)
  The ghost of vineage the Basher, a novice GrBe of Trog (D:8)
  2 oklob plants (Lair:3)
  A cyclops (D:11)
  A centaur zombie (D:11)
  4 black mambas
  A gargoyle (D:12)
  9 spiny frogs
  A komodo dragon (Lair:2)
  4 trolls
  3 blink frogs (Lair:1)
  3 slime creatures (D:10)
  9 hippogriffs
  A wraith (D:10)
  The ghost of Jazqa the Skirmisher, an amateur MiFi of Okawaru (D:4)
  A basilisk (Lair:2)
  2 wyverns
  2 yaks
  Grum (D:10)
  A vampire (D:11)
  3 hungry ghosts
  A steam dragon (D:6)
  A warg (D:10)
  Edmund (D:6)
  18 soldier ants (Lair:2)
  An acid dragon (D:12)
  5 water moccasins
  6 porcupines
  5 orc warriors (D:10)
  4 sky beasts
  A phantom (D:5)
  3 black bears
  An ice beast (D:6)
  3 ogres
  5 centaurs
  2 wolves (D:10)
  3 crocodiles
  2 big kobolds
  10 bullfrogs
  4 scorpions
  8 killer bees
  2 howler monkeys (D:10)
  3 crimson imps
  A bullfrog zombie (D:11)
  A quasit (D:9)
  6 hounds
  3 jellies
  An orc wizard (D:10)
  2 orc priests (D:10)
  A bullfrog skeleton (D:4)
  A centaur skeleton (D:4)
  2 iguanas
  26 worker ants
  3 hound skeletons
  6 worker ant zombies
  8 gnolls
  12 adders
  A shadow imp (D:12)
  3 adder skeletons
  2 worms
  2 dart slugs
  4 leopard geckos
  15 orcs
  A ball python (D:3)
  7 bats
  14 giant cockroaches
  3 goblins
  4 hobgoblins
  17 jackals
  14 kobolds
  6 quokkas
  2 frilled lizards
  A jackal skeleton (D:4)
  A jackal zombie (D:8)
  8 rats
  A fungus (D:10)
  A plant (Lair:3)
328 creatures vanquished.

Vanquished Creatures (collateral kills)
  A spiny frog (Lair:1)
  A slime creature (D:10)
  2 yaks (D:9)
  Sigmund (D:5)
  2 soldier ants (Lair:2)
  A black bear (D:10)
  An orc warrior (D:10)
  An ogre (D:10)
  A necrophage (D:8)
  2 centaurs
  2 bullfrogs
  A crimson imp (D:9)
  A gnoll (D:2)
  A quokka (D:7)
  A kobold (D:7)
19 creatures vanquished.

Vanquished Creatures (others)
  2 fungi (D:10)
  A plant (Lair:1)
3 creatures vanquished.

Grand Total: 350 creatures vanquished

Notes
Turn   | Place    | Note
-------+----------+-------------------------------------------
     0 | D:1      | HammerPanzer the Demonspawn Berserker began the quest for the Orb.
     0 | D:1      | Reached XP level 1. HP: 18/18 MP: 1/1
   135 | D:1      | Gained mutation: A weak demonic guardian rushes to your aid. [demonic ancestry]
   135 | D:1      | Reached XP level 2. HP: 13/24 MP: 2/2
   337 | D:1      | Reached skill level 3 in Maces & Flails
  1026 | D:3      | Gained mutation: You have sharp fingernails. [demonic ancestry]
  1026 | D:3      | Reached XP level 3. HP: 29/29 MP: 3/3
  1180 | D:2      | Found a sparkling altar of Nemelex Xobeh.
  1276 | D:2      | Gained mutation: You are partially covered in thin metallic scales. (AC +2) [demonic ancestry]
  1276 | D:2      | Reached XP level 4. HP: 37/37 MP: 4/4
  1734 | D:4      | Reached ** piety under Trog
  1748 | D:5      | Entered Level 5 of the Dungeon
  1801 | D:3      | Reached skill level 4 in Maces & Flails
  2597 | D:4      | Identified Theurgy for Beginners
  2674 | D:4      | Reached XP level 5. HP: 24/42 MP: 5/5
  2966 | D:4      | Found a stormy altar of Qazlal.
  3007 | D:4      | Reached skill level 5 in Maces & Flails
  3027 | D:4      | Gained mutation: You have very sharp fingernails. [demonic ancestry]
  3027 | D:4      | Reached XP level 6. HP: 45/49 MP: 6/6
  3259 | D:4      | Noticed Jazqa's ghost (amateur MiFi)
  3273 | D:4      | Killed Jazqa's ghost
  3273 | D:4      | Reached skill level 5 in Fighting
  3391 | D:4      | Found a burning altar of Makhleb.
  3498 | D:5      | Reached skill level 6 in Maces & Flails
  3498 | D:5      | Gained mutation: You are slightly more attuned to the shadows. [demonic ancestry]
  3498 | D:5      | Reached XP level 7. HP: 54/56 MP: 7/7
  3588 | D:5      | Reached *** piety under Trog
  3594 | D:5      | Noticed Sigmund
  3600 | D:5      | Killed Sigmund
  3741 | D:5      | Found a shadowy altar of Dithmenos.
  4128 | D:5      | Found a staircase to the Ecumenical Temple.
  4598 | D:6      | Reached skill level 7 in Maces & Flails
  4967 | D:6      | Gained mutation: You are mostly covered in thin metallic scales. (AC +3) [demonic ancestry]
  4967 | D:6      | Reached XP level 8. HP: 47/64 MP: 8/8
  5071 | D:6      | Found a hide-covered altar of Uskayaw.
  5230 | D:6      | Found an ancient bone altar of Kikubaaqudgha.
  5720 | D:6      | Found Beotekae's Armour Boutique.
  5749 | D:6      | Noticed Edmund
  6018 | D:6      | Reached skill level 8 in Maces & Flails
  6791 | D:6      | Killed Edmund
  7027 | D:7      | Found Ifajeg's Gadget Boutique.
  7070 | D:8      | Reached skill level 9 in Maces & Flails
  7072 | D:9      | Found a snail-covered altar of Cheibriados.
  7289 | D:7      | Reached XP level 9. HP: 49/72 MP: 9/9
  8067 | D:8      | Noticed vineage's ghost (novice GrBe)
  8079 | D:8      | Killed vineage's ghost
  8079 | D:8      | Reached **** piety under Trog
  8079 | D:8      | Reached skill level 10 in Maces & Flails
  8173 | D:8      | Found an opulent altar of Gozag.
  8912 | D:10     | Entered Level 10 of the Dungeon
  9117 | D:9      | Noticed a two-headed ogre
  9143 | D:9      | Killed a two-headed ogre
  9143 | D:9      | Reached skill level 11 in Maces & Flails
  9143 | D:9      | Reached XP level 10. HP: 53/82 MP: 10/10
  9144 | D:9      | Noticed Gastronok
  9379 | D:9      | Killed Gastronok
  9379 | D:9      | Reached skill level 12 in Maces & Flails
 10348 | D:9      | Found a sparkling altar of Nemelex Xobeh.
 10638 | D:10     | Found a staircase to the Lair.
 10670 | D:10     | Reached skill level 10 in Fighting
 11062 | D:11     | Noticed Erica
 11242 | D:10     | Found a staircase to the Orcish Mines.
 11294 | D:10     | Reached XP level 11. HP: 83/91 MP: 11/11
 11460 | D:10     | Reached ***** piety under Trog
 11679 | D:10     | Noticed an orange crystal statue
 11893 | D:10     | Reached skill level 13 in Maces & Flails
 11927 | D:10     | Noticed Grum
 11956 | D:10     | Killed Grum
 12691 | D:11     | Identified the Incunabulum of the Ashen Glacier
 12835 | D:11     | Killed Erica
 12835 | D:11     | Received a gift from Trog
 13073 | D:11     | Noticed a tengu warrior
 13090 | D:11     | Killed a tengu warrior
 13582 | D:11     | Reached skill level 14 in Maces & Flails
 14171 | D:9      | You fall through a shaft for 2 floors!
 14271 | D:6      | Bought the +4 scale mail "Waireuzy" {rF+ MR- Str+3 Dex+2} for 575 gold pieces
 14407 | Lair:1   | Entered Level 1 of the Lair of Beasts
 14721 | Lair:1   | Noticed a four-headed hydra
 14736 | Lair:1   | Killed a four-headed hydra
 15044 | Lair:1   | Reached XP level 12. HP: 90/100 MP: 12/12
 15132 | Lair:1   | Noticed a six-headed hydra
 15253 | Lair:1   | Killed a six-headed hydra
 16081 | Lair:2   | Received a gift from Trog
 16087 | Lair:2   | Reached skill level 15 in Maces & Flails
 16094 | Lair:2   | Got a polished dire flail {god gift}
 16095 | Lair:2   | Identified the +12 dire flail "Roty" {drain, rN+ Dex+3} (Trog gifted it to you on level 2 of the Lair of Beasts)
 16362 | Lair:2   | Noticed a queen ant
 16373 | Lair:2   | Killed a queen ant
 17441 | Lair:3   | Received a gift from Trog
 17586 | Lair:3   | Found a staircase to the Snake Pit.
 17738 | Lair:4   | Noticed Rupert
 17746 | Lair:4   | Killed Rupert
 17746 | Lair:4   | Reached skill level 16 in Maces & Flails
 17746 | Lair:4   | Gained mutation: You have claws for hands. [demonic ancestry]
 17746 | Lair:4   | Reached XP level 13. HP: 109/109 MP: 13/13
 18358 | Lair:4   | Noticed Nessos
 18378 | Lair:4   | HP: 3/109 [poisoned by Nessos]
 18379 | Lair:4   | Succumbed to Nessos's poison

Skill      XL: |  1  2  3  4  5  6  7  8  9 10 11 12 |
---------------+-------------------------------------+-----
Maces & Flails | 3 4 5 6 7 9 11 12 14 16 | 16.1
Fighting       | 4 5 6 7 8 10 11 12 | 12.9
Armour         | |  1.7
Dodging        | |  1.7

Action                   |  1- 3 |  4- 6 |  7- 9 | 10-12 | 13-15 || total
-------------------------+-------+-------+-------+-------+-------++-------
Melee: Mace              |    65 |   192 |   403 |   401 |       ||  1061
       Great mace        |       |       |       |   143 |       ||   143
       Dire flail        |       |       |       |   146 |    17 ||   163
Throw: Tomahawk          |       |       |     5 |    18 |       ||    23
       Javelin           |       |       |       |     1 |       ||     1
Invok: Berserk           |     1 |     3 |     9 |    20 |     1 ||    34
       Burn Spellbooks   |       |     1 |       |     6 |       ||     7
       Trog's Hand       |       |       |       |       |     1 ||     1
       Brothers in Arms  |       |       |       |       |     1 ||     1
Evoke: Wand              |       |       |       |     2 |       ||     2
  Use: Scroll            |       |     9 |    13 |    11 |     1 ||    34
       Potion            |       |       |     1 |     1 |       ||     2
 Stab: Distracted        |       |     1 |     1 |     7 |       ||     9
  Eat: Chunk             |     2 |    11 |    18 |    45 |     3 ||    79
       Royal jelly       |       |       |     1 |     6 |       ||     7
       Meat ration       |       |       |     1 |       |       ||     1
Armor: Animal skin       |     4 |       |       |       |       ||     4
       Scale mail        |    21 |     2 |       |    84 |     4 ||   111
       Chain mail        |       |   135 |   227 |   283 |       ||   645
Dodge: Dodged            |    50 |    97 |   159 |   257 |     6 ||   569
